 Dungeon Crawl Stone Soup version 0.26.0-90-g5fd8617961 (webtiles) character file.

Game seed: 10869688580397722859

3052 Hehehe the Thaumaturge (level 9, -6/66 HPs)
             Began as a Gnoll Hedge Wizard on Feb 2, 2021.
             Was an Initiate of Gozag.
             Mangled by a komodo dragon (15 damage)
             ... on level 8 of the Dungeon.
             The game lasted 00:25:03 (13316 turns).

Hehehe the Thaumaturge (Gnoll Hedge Wizard)        Turns: 13316, Time: 00:25:05

Health: -6/66      AC: 13    Str: 12    XL:     9   Next: 87%
Magic:  1/21       EV: 16    Int: 25    God:    Gozag
Gold:   399        SH:  5    Dex: 16    Spells: 19/25 levels left

rFire    . . .     SeeInvis .   I - +2 war axe (venom)
rCold    . . .     Faith    .   (no shield)
rNeg     . . .     Spirit   .   b - +1 robe
rPois    .         Reflect  +   a - +2 hat
rElec    .         Harm     .   r - +2 cloak {rCorr}
rCorr    +         Rampage  .   c - +0 pair of gloves
Will     .....                  (no boots)
Stlth    +++.......             t - amulet of reflection
HPRegen  0.21/turn              u - +4 ring of protection
MPRegen  0.17/turn              w - +6 ring of intelligence

@: lethally poisoned (-6 -> -7), about to teleport
A: distributed training, fangs 1, strong nose
a: Renounce Religion, Potion Petition, Call Merchant, Bribe Branch


You were on level 8 of the Dungeon.
You worshipped Gozag.
Gozag was aware of your devotion.
You visited 2 branches of the dungeon, and saw 9 of its levels.

You collected 603 gold pieces.
You paid 204 gold pieces to Gozag.

Inventory:

Hand Weapons
 g - a +4 battleaxe
 s - a +2 quarterstaff of chaos
 H - a +0 war axe
 I - a +2 war axe of venom (weapon)
Armour
 a - a +2 hat (worn)
 b - a +1 robe (worn)
 c - a +0 pair of gloves (worn)
 o - a +0 plate armour
 r - a +2 cloak of preservation (worn)
Magical Staves
 x - an uncursed staff of cold
Jewellery
 l - an uncursed ring of positive energy
 t - an amulet of reflection (around neck)
 u - a +4 ring of protection (left hand)
 w - a +6 ring of intelligence (right hand)
Wands
 E - a wand of polymorph (7)
 G - a wand of iceblast (12)
Scrolls
 d - a scroll of magic mapping
 e - 2 scrolls of fog
 f - 2 scrolls of enchant armour
 k - 4 scrolls of remove curse
 p - 2 scrolls of teleportation
 y - 2 scrolls of amnesia {unknown}
 z - a scroll of holy word
Potions
 h - 4 potions of curing
 i - a potion of ambrosia {unknown}
 j - a potion of lignification
 m - 2 potions of haste
 n - a potion of brilliance
 q - a potion of invisibility {unknown}
 v - 2 potions of degeneration {unknown}
 A - a potion of mutation {unknown}
 B - 2 potions of flight {unknown}
 C - 2 potions of might
 D - a potion of berserk rage


   Skills:
 + Level 4.6 Fighting
 + Level 4.6 Short Blades
 + Level 4.6 Long Blades
 + Level 4.6 Axes
 + Level 4.6 Maces & Flails
 + Level 4.6 Polearms
 + Level 4.6 Staves
 + Level 4.6 Slings
 + Level 4.6 Bows
 + Level 4.6 Crossbows
 + Level 4.6 Throwing
 + Level 4.6 Armour
 + Level 6.6 Dodging
 + Level 6.3 Stealth
 + Level 4.6 Shields
 + Level 4.6 Unarmed Combat
 + Level 8.6 Spellcasting
 + Level 4.4 Conjurations
 + Level 3.8 Hexes
 + Level 4.4 Summonings
 + Level 3.8 Necromancy
 + Level 4.4 Translocations
 + Level 3.8 Transmutations
 + Level 3.8 Fire Magic
 + Level 3.8 Ice Magic
 + Level 3.8 Air Magic
 + Level 3.8 Earth Magic
 + Level 3.8 Poison Magic
 + Level 5.1 Invocations
 + Level 4.6 Evocations


You had 19 spell levels left.
You knew the following spells:

 Your Spells              Type           Power        Failure   Level
a - Magic Dart            Conj           100%         1%          1
b - Blink                 Tloc           N/A          1%          2
c - Mephitic Cloud        Conj/Pois/Air  31%          3%          3

Your spell library contained the following spells:

 Spells                   Type           Power        Failure   Level
 Animate Skeleton         Necr           60%          1%          1
 Apportation              Tloc           66%          1%          1
 Corona                   Hex            33%          1%          1
 Freeze                   Ice            100%         1%          1
 Summon Small Mammal      Summ           100%         1%          1
 Call Imp                 Summ           33%          1%          2
 Slow                     Hex            30%          1%          2
 Conjure Flame            Conj/Fire      31%          3%          3
 Frozen Ramparts          Ice            60%          3%          3
 Ozocubu's Armour         Ice            30%          3%          3
 Hailstorm                Conj/Ice       31%          10%         4
 Summon Ice Beast         Ice/Summ       31%          10%         4


Dungeon Overview and Level Annotations

Branches:
Dungeon (8/15)             Temple (1/1) D:5
   Lair: D:8-11

Altars:
Ashenzari
Cheibriados
Dithmenos
Elyvilon
Fedhas
Gozag
Hepliaklqana
Kikubaaqudgha
Makhleb
Nemelex Xobeh
Qazlal
Ru
Sif Muna
Trog
Uskayaw
Vehumet
Wu Jian
Xom
Yredelemnul
Zin
The Shining One

Annotations:
D:8 Hehehe's ghost, novice DDFi


Innate Abilities, Weirdness & Mutations

Your experience applies equally to all skills.
You have very sharp teeth.
Your uncanny sense of smell can sniff out nearby items.


Message History

Casting: Blink (safe; 1% risk of failure)
Confirm with . or Enter, or press ? or * to list all spells.
You blink.
The bullfrog hits you but does no damage.
The komodo dragon misses you.
Unknown command.
Casting: Blink (safe; 1% risk of failure)
Confirm with . or Enter, or press ? or * to list all spells.
You don't have enough magic to cast that spell.
Casting: Blink (safe; 1% risk of failure)
Confirm with . or Enter, or press ? or * to list all spells.
You don't have enough magic to cast that spell.
As you read the scroll of teleportation, it crumbles to dust.
You feel strangely unstable. The black bear bites you.
* * * LOW HITPOINT WARNING * * *
The black bear misses you.
The black bear claws you but does no damage.
The komodo dragon bites you!
You die...
Your body crumbles into a pile of gold.

... ..########## ..#
#.##.......# ...
#.##.......# # #.#
#.##...[...# #.##.#
#.##.......#
....###.##.......#
#..............#
#§F...)........#
#.h@...........#
#..l...........#
#..............#####
#.....Y.)[..(..#....
#......$)......#....
#..............'....
#......$.......#....
#.....$.########....
#........P..# #....


You could see a komodo dragon, a black bear, a sky beast and a bullfrog
(confused, poisoned).

Vanquished Creatures
  A two-headed ogre (D:8)
  A water moccasin (D:8)
  2 sky beasts
  2 black bears (D:8)
  3 orc warriors (D:7)
  2 ogres (D:5)
  4 phantoms
  3 bullfrogs
  3 wyvern skeletons
  5 wights (D:8)
  A bullfrog zombie (D:6)
  2 centaur zombies
  2 orc wizards
  A bullfrog skeleton (D:7)
  Crazy Yiuf (D:3)
  A hound (D:4)
  2 iguanas
  4 worker ants (D:5)
  A howler monkey zombie (D:7)
  4 gnolls
  8 adders
  2 shadow imps
  3 white imps
  An adder zombie (D:5)
  2 worms (D:3)
  2 dart slugs
  4 leopard geckos
  26 orcs
  2 giant cockroaches
  10 goblins
  7 hobgoblins
  8 jackals
  2 quokkas
  A ball python (D:4)
  4 bats
  5 frilled lizards
  8 kobolds
  A quokka skeleton (D:7)
  10 rats
151 creatures vanquished.

Vanquished Creatures (others)
  An adder (D:3)
  A frilled lizard (D:3)
  19 fungi (D:8)
  21 plants
42 creatures vanquished.

Grand Total: 193 creatures vanquished

Notes
Turn   | Place    | Note
-------+----------+-------------------------------------------
     0 | D:1      | Hehehe the Gnoll Hedge Wizard began the quest for the Orb.
     0 | D:1      | Reached XP level 1. HP: 13/13 MP: 8/8
   203 | D:1      | Reached XP level 2. HP: 16/19 MP: 0/10
  1172 | D:2      | Found a broken altar of Ashenzari.
  1181 | D:2      | Reached XP level 3. HP: 25/25 MP: 6/11
  1184 | D:2      | Learned a level 2 spell: Blink
  1188 | D:2      | Learned a level 3 spell: Mephitic Cloud
  1803 | D:2      | Reached skill level 1 in Invocations
  3021 | D:3      | Reached skill level 1 in Fighting
  3021 | D:3      | Reached skill level 1 in Short Blades
  3021 | D:3      | Reached skill level 1 in Long Blades
  3021 | D:3      | Reached skill level 1 in Axes
  3021 | D:3      | Reached skill level 1 in Maces & Flails
  3021 | D:3      | Reached skill level 1 in Polearms
  3021 | D:3      | Reached skill level 1 in Staves
  3021 | D:3      | Reached skill level 1 in Slings
  3021 | D:3      | Reached skill level 1 in Bows
  3021 | D:3      | Reached skill level 1 in Crossbows
  3021 | D:3      | Reached skill level 1 in Throwing
  3021 | D:3      | Reached skill level 1 in Armour
  3021 | D:3      | Reached skill level 1 in Shields
  3021 | D:3      | Reached skill level 1 in Unarmed Combat
  3021 | D:3      | Reached skill level 1 in Evocations
  3067 | D:3      | Reached XP level 4. HP: 24/32 MP: 1/13
  3368 | D:3      | Found a radiant altar of Vehumet.
  3684 | D:3      | Found a faded altar of an unknown god.
  3704 | D:3      | Reached skill level 1 in Hexes
  3704 | D:3      | Reached skill level 1 in Necromancy
  3704 | D:3      | Reached skill level 1 in Transmutations
  3704 | D:3      | Reached skill level 1 in Fire Magic
  3704 | D:3      | Reached skill level 1 in Ice Magic
  3704 | D:3      | Reached skill level 1 in Air Magic
  3704 | D:3      | Reached skill level 1 in Earth Magic
  3704 | D:3      | Reached skill level 1 in Poison Magic
  4216 | D:3      | Found a hazy altar of Hepliaklqana.
  4367 | D:3      | Found a shadowy altar of Dithmenos.
  4525 | D:3      | Found a runed translucent door.
  4526 | D:3      | Noticed Crazy Yiuf
  4671 | D:3      | Reached XP level 5. HP: 33/37 MP: 7/14
  4919 | D:3      | Killed Crazy Yiuf
  5499 | D:4      | Noticed an ogre
  5730 | D:4      | Reached XP level 6. HP: 32/44 MP: 13/16
  6114 | D:4      | Reached skill level 5 in Dodging
  6639 | D:5      | Entered Level 5 of the Dungeon
  7665 | D:5      | Reached XP level 7. HP: 51/51 MP: 4/18
  8070 | D:5      | Found a staircase to the Ecumenical Temple.
  8081 | Temple   | Entered the Ecumenical Temple
  8340 | D:5      | Reached skill level 5 in Stealth
  9117 | D:6      | Reached XP level 8. HP: 57/57 MP: 14/19
 10440 | D:7      | Reached skill level 8 in Spellcasting
 10471 | D:7      | Found a sacrificial altar of Ru.
 11669 | D:7      | Found a basalt altar of Yredelemnul.
 11862 | D:7      | Reached XP level 9. HP: 65/65 MP: 19/21
 12421 | D:8      | Noticed Hehehe's ghost (novice DDFi)
 12441 | D:8      | Noticed a two-headed ogre
 12469 | D:8      | Killed a two-headed ogre
 12819 | D:8      | Found an opulent altar of Gozag.
 12825 | D:8      | Became a worshipper of Gozag Ym Sagoz the Greedy
 13279 | D:8      | Noticed a komodo dragon
 13288 | D:8      | Reached skill level 5 in Invocations
 13316 | D:8      | Mangled by a komodo dragon

Illustrated notes

Levels and vault maps discovered:
D:1:      lemuel_arrival_hallway, layout_loops_cross
D:2:      wad_lake_hut, layout_loops_corners, evilmike_ruin_ashenzari
D:3:      layout_loops_ring, fiery_altar_vehumet, lemuel_round_altar,
          lemuel_coloured_pillars_altar, chequers_ecumenical_altar_twisty,
          minmay_increasing_density, uniq_crazy_yiuf_cottage
D:4:      layout_rooms
D:5:      layout_basic, temple_fountains, serial_bayou_pond_a
D:6:      layout_basic
D:7:      kennysheep_six_static_rooms, layout_basic, general_overflow_altar,
          nicolae_ru_awakened_eye
D:8:      layout_basic, nicolae_gozag_cash_rules_everything_around_me,
          due_lair_maze_entry_diamond, nzn_ghost_randoct, uniq_joseph
Temple:   nicolae_temple_great_sept

Skill      XL: |  1  2  3  4  5  6  7  8  9 |
---------------+----------------------------+-----
Conjurations   | 2 3 4 |  4.4
Summonings     | 2 3 4 |  4.4
Translocations | 2 3 4 |  4.4
Invocations    | 1 2 3 4 5 |  5.1
Fighting       | 1 2 3 4 |  4.6
Short Blades   | 1 2 3 4 |  4.6
Long Blades    | 1 2 3 4 |  4.6
Axes           | 1 2 3 4 |  4.6
Maces & Flails | 1 2 3 4 |  4.6
Polearms       | 1 2 3 4 |  4.6
Staves         | 1 2 3 4 |  4.6
Slings         | 1 2 3 4 |  4.6
Bows           | 1 2 3 4 |  4.6
Crossbows      | 1 2 3 4 |  4.6
Throwing       | 1 2 3 4 |  4.6
Armour         | 1 2 3 4 |  4.6
Shields        | 1 2 3 4 |  4.6
Unarmed Combat | 1 2 3 4 |  4.6
Evocations     | 1 2 3 4 |  4.6
Hexes          | 1 2 3 |  3.8
Necromancy     | 1 2 3 |  3.8
Transmutations | 1 2 3 |  3.8
Fire Magic     | 1 2 3 |  3.8
Ice Magic      | 1 2 3 |  3.8
Air Magic      | 1 2 3 |  3.8
Earth Magic    | 1 2 3 |  3.8
Poison Magic   | 1 2 3 |  3.8
Dodging        | 5 6 |  6.6
Stealth        | 5 6 |  6.3
Spellcasting   | 8 |  8.6

Action                   |  1- 3 |  4- 6 |  7- 9 || total
-------------------------+-------+-------+-------++-------
Melee: Dagger            |     4 |       |       ||     4
       Bite              |     1 |    11 |    26 ||    38
       Hand axe          |       |    16 |       ||    16
       Staff             |       |    21 |       ||    21
       Quarterstaff      |       |    22 |   107 ||   129
       War axe           |       |       |    91 ||    91
       Punch             |       |       |     3 ||     3
 Cast: Magic Dart        |    99 |   153 |   137 ||   389
       Mephitic Cloud    |       |     8 |    26 ||    34
       Blink             |       |       |    15 ||    15
  Use: Scroll            |     3 |     5 |     8 ||    16
       Potion            |       |       |     3 ||     3
 Stab: Confused          |       |     3 |    12 ||    15
       Distracted        |       |     1 |     1 ||     2
Armor: Robe              |     5 |    16 |    44 ||    65
Dodge: Dodged            |    25 |    72 |   144 ||   241
Block: Other             |       |    16 |    49 ||    65
